 Dungeon Crawl Stone Soup version 0.27.1-4-g1640c2035a (webtiles) character file.

Game seed: 16735345279212775311

58 Stomo444 the Cudgeller (level 3, 0/29 HPs)
             Began as a Demonspawn Monk on Nov 9, 2021.
             Slain by an orc wizard (3 damage)
             ... on level 2 of the Dungeon.
             The game lasted 00:01:31 (1575 turns).

Stomo444 the Cudgeller (Demonspawn Monk)            Turns: 1575, Time: 00:01:31

Health: 0/29       AC:  2    Str: 12    XL:     3   Next: 76%
Magic:  3/3        EV: 13    Int: 11    God:
Gold:   39         SH:  4    Dex: 15    Spells: 2/2 levels left

rFire    . . .     SeeInvis .   g - +2 whip (drain)
rCold    . . .     Faith    .   (no shield)
rNeg     . . .     Spirit   .   b - +0 robe
rPois    .         Reflect  .   (no helmet)
rElec    .         Harm     .   (no cloak)
rCorr    .         Rampage  .   (no gloves)
Will     .....                  (no boots)
Stlth    ++........             (no amulet)
HPRegen  0.09/turn              (no ring)
MPRegen  0.08/turn              (no ring)

@: no status effects
A: large bone plates 1, ignite blood 1
a: no special abilities


You were on level 2 of the Dungeon.
You visited 1 branch of the dungeon, and saw 2 of its levels.

You collected 39 gold pieces.

Inventory:

Hand Weapons
 a - a +0 mace
 f - a +0 whip
 g - a +2 whip of draining (weapon)
Armour
 b - a +0 robe (worn)
Scrolls
 c - 2 scrolls of identify
 d - a scroll of amnesia
 e - a scroll of vulnerability {unknown}
 h - a scroll of immolation {unknown}


   Skills:
 + Level 3.3 Fighting
 + Level 3.5 Maces & Flails
 + Level 3.1 Dodging
 + Level 2.2 Stealth


You had 2 spell levels left.
You didn't know any spells.
Your spell library was empty.

Dungeon Overview and Level Annotations

Branches:
Dungeon (2/15)

Altars:


Innate Abilities, Weirdness & Mutations

You are partially covered in large bone plates. (SH +4)
Your demonic aura sometimes causes spilled blood to erupt in flames.


Message History

The magic dart hits you.
Things that are here:
a +0 dagger; a +0 robe; a +0 flail You miss something.
You miss something.
You hear some strange, mumbled words.
You are confused.
You bump into the rock wall.
Something hits you.
You're too confused to move!
Something hits you.
You're too confused to move!
Something hits you.
An orc priest comes into view. It is wielding a +0 flail.
The orc priest shouts!
You hit something. Something hits you.
Things that are here:
a +0 mace; an orc corpse You barely miss something.
You feel less confused. Something barely misses you.
You closely miss something. Something hits you.
You miss something. Something hits you but does no damage.
You hit something. Something barely misses you.
You closely miss something. Something hits you.
* * * LOW HITPOINT WARNING * * *
The orc priest calls down the wrath of Beogh upon you.
You completely miss something. Something hits you.
* * * LOW HITPOINT WARNING * * *
You hit something.
The orc priest mumbles some strange prayers to Beogh against you.
Something writhes in agony.
Something hits you.
* * * LOW HITPOINT WARNING * * *
Unknown command.
You aren't carrying any potions.
Unknown command.
You aren't carrying any potions.
Unknown command.
As you read the scroll labelled ROPPIE UDECSA, it crumbles to dust.
It is a scroll of identify.
d - a scroll of amnesia Something hits you.
You die...

#. #. #. .##########
#. ..........# #.
#########.####
#..).......
#.##########.####.####
#..o)@.......# #.# #
############## #.# #
######.# #..<...#
#.###### #.# #.# #.#
##### #.# #...#


You could see an orc priest.

Vanquished Creatures
  An orc wizard (D:2)
  2 dart slugs
  2 orcs (D:2)
  2 ball pythons (D:1)
  2 endoplasms (D:1)
  9 kobolds
  2 quokkas (D:1)
  2 bats (D:1)
  A frilled lizard (D:1)
  6 rats
29 creatures vanquished.

Vanquished Creatures (others)
  11 plants (D:1)
11 creatures vanquished.

Grand Total: 40 creatures vanquished

Notes
Turn   | Place    | Note
-------+----------+-------------------------------------------
     0 | D:1      | Stomo444 the Demonspawn Monk began the quest for the Orb.
     0 | D:1      | Reached XP level 1. HP: 18/18 MP: 1/1
   204 | D:1      | Gained mutation: Your demonic aura sometimes causes spilled
                  | blood to erupt in flames. [demonic ancestry]
   204 | D:1      | Reached XP level 2. HP: 15/24 MP: 2/2
  1487 | D:2      | Gained mutation: You are partially covered in large bone
                  | plates. (SH +4) [demonic ancestry]
  1487 | D:2      | Reached XP level 3. HP: 27/29 MP: 3/3
  1575 | D:2      | Slain by an orc wizard

Illustrated notes

Levels and vault maps discovered:
D:1:      ebering_trefoil_3fold, layout_loops_ring, lexackson_kobold_supper
D:2:      layout_loops_ring, serial_shops, shop

Skill      XL: |  1  2 |
---------------+-------+-----
Maces & Flails | 3 |  3.5
Dodging        | 3 |  3.1
Stealth        | 2 |  2.2
Fighting       | |  3.3

Action                   || total
-------------------------++-------
Melee: Mace              ||    46
       Whip              ||    33
  Use: Scroll            ||     1
 Stab: Sleeping          ||     3
Armor: Robe              ||    19
Dodge: Dodged            ||    53
Block: Other             ||     1
